 Dungeon Crawl Stone Soup version 0.19-b1-5-gdc9fa9d (webtiles) character file.

55 varam the Chopper (level 3, 0/29 HPs)
             Began as a Demonspawn Berserker on Oct 31, 2016.
             Was a Believer of Trog.
             Slain by Natasha (1 damage)
             ... on level 1 of the Dungeon.
             The game lasted 00:01:19 (1035 turns).

varam the Chopper (Demonspawn Berserker)            Turns: 1035, Time: 00:01:20

Health: 0/29       AC:  8    Str: 17    XL:     3   Next: 67%
Magic:  3/3        EV: 12    Int:  8    God:    Trog [**....]
Gold:   31         SH:  0    Dex: 13    Spells: 0 memorised, 2 levels left

rFire  . . .     SeeInvis .     a - +0 hand axe
rCold  . . .     Gourm    .     b - +0 animal skin
rNeg   . . .     Faith    .     (no shield)
rPois  .         Spirit   .     (no helmet)
rElec  .         Reflect  .     (no cloak)
rCorr  .         Harm     .     (no gloves)
MR     .....                    (no boots)
Stlth  +.........               (no amulet)
                                (no ring)
                                (no ring)

@: exhausted, sanguine armour, slowed, very slow
A: rot immunity, sanguine armour 1
a: Berserk, Trog's Hand, Burn Spellbooks, Renounce Religion


You were on level 1 of the Dungeon.
You worshipped Trog.
Trog was pleased with you.
You were very hungry.

You visited 1 branch of the dungeon, and saw 2 of its levels.

You collected 31 gold pieces.

Inventory:

Hand Weapons
 a - a +0 hand axe (weapon)
Armour
 b - a +0 animal skin (worn)
Scrolls
 d - a scroll of enchant weapon {unknown}
 e - a scroll of remove curse {unknown}
Comestibles
 c - 2 bread rations
 f - a royal jelly
 g - a meat ration
 h - 4 chunks of flesh


   Skills:
 - Level 3.0 Fighting
 + Level 4.2 Axes
 - Level 1.7 Armour
 - Level 1.7 Dodging


You had 2 spell levels left.
You didn't know any spells.

Dungeon Overview and Level Annotations

Branches:
Dungeon (2/15)

Altars:

Annotations:
D:1 Natasha


Innate Abilities, Weirdness & Mutations

You are immune to rotting.
When seriously injured, your bleeding wounds create armour. (AC +6)


Message History

You see here a dart slug corpse.
You butcher the dart slug corpse.
h - 4 chunks of flesh (gained 1) Natasha, Servant of Life and Death comes into view.
You see here the felid corpse of Natasha.
Unknown command.
Natasha extends her claws.
There is a stone staircase leading up here.
Natasha claws you. Natasha claws you but does no damage.
You climb upwards.
There is a stone staircase leading down here.
You hit Natasha.
Natasha is moderately wounded.
Natasha casts a spell at you. The magic dart hits you!
* * * LOW HITPOINT WARNING * * *
You hit Natasha.
Natasha is moderately wounded.
Natasha claws you but does no damage. Natasha claws you.
You die...

#..)..###.##..#.#
##...####.##..#.###
###................
#....####.###.#.... #.#.##
#.###.#.### #.#.##
#.......##
#....########....##
#.(h...............
#########.@..########....##
#.........#.## #.#.##
#.#######.#.# #.#.#
#.#######.#.# #.#.###
#.##.....#..# #.#....
#.##.##.###.#### #.###.#
#.##...## ##...# #.# #.#
#.##.##.###.##.## ##.###.#
#.##.###.#.##...####...##.#


You could see Natasha.

Vanquished Creatures
  Natasha (D:2)
  A dart slug (D:2)
  A ball python (D:1)
  4 bats
  2 giant cockroaches (D:1)
  5 goblins
  5 hobgoblins
  2 frilled lizards (D:1)
  3 kobolds (D:1)
  3 rats (D:1)
27 creatures vanquished.

Notes
Turn   | Place    | Note
-------+----------+-------------------------------------------
     0 | D:1      | varam the Demonspawn Berserker began the quest for the Orb.
     0 | D:1      | Reached XP level 1. HP: 18/18 MP: 1/1
   178 | D:1      | Reached skill level 3 in Axes
   238 | D:1      | Gained mutation: When seriously injured, your bleeding wounds create armour. (AC +6) [demonic ancestry]
   238 | D:1      | Reached XP level 2. HP: 13/24 MP: 2/2
   468 | D:1      | Reached ** piety under Trog
  1001 | D:2      | Noticed Natasha
  1008 | D:2      | Noticed a crimson imp
  1013 | D:2      | Killed Natasha
  1013 | D:2      | Reached skill level 4 in Axes
  1013 | D:2      | Gained mutation: You are immune to rotting. [demonic ancestry]
  1013 | D:2      | Reached XP level 3. HP: 16/29 MP: 3/3
  1022 | D:2      | Noticed Natasha
  1034 | D:1      | HP: 1/29 [Natasha/magic dart (9)]
  1035 | D:1      | Slain by Natasha

Skill      XL: |  1  2 |
---------------+-------+-----
Axes           | 3 4 |  4.2
Fighting       | |  3.0
Armour         | |  1.7
Dodging        | |  1.7

Action                   || total
-------------------------++-------
Melee: Hand axe          ||    68
Invok: Berserk           ||     2
  Eat: Chunk             ||     1
Armor: Animal skin       ||    21
Dodge: Dodged            ||    46
